 Dungeon Crawl Stone Soup version 0.29-a0-474-gdfe5cd140f (webtiles) character file.

Game seed: 6703163527083801187

1928 siradein the Cutter (level 8, -3/64 HPs)
             Began as a Vampire Fighter on May 24, 2022.
             Was an Initiate of Kikubaaqudgha.
             Slain by Duvessa
             ... wielding a +1 vampiric rapier
              (16 damage)
             ... on level 5 of the Dungeon.
             The game lasted 00:15:50 (5584 turns).

siradein the Cutter (Vampire Fighter)               Turns: 5584, Time: 00:15:51

Health: -3/64      AC:  4    Str: 21    XL:     8   Next: 96%
Magic:  8/8        EV: 14    Int: 12    God:    Kikubaaqudgha [......]
Gold:   199        SH:  4    Dex: 14    Spells: 4/7 levels left

rFire   + . .      SeeInvis +   w - +2 short sword (venom)
rCold   . . .      Faith    .   c - +0 buckler
rNeg    . . .      Spirit   .   l - +0 leather armour {rF+}
rPois   .          Reflect  .   (no helmet)
rElec   .          Harm     .   (no cloak)
rCorr   .          Rampage  .   (no gloves)
Will    .....                   p - +0 pair of boots
Stlth   +.........              (no amulet)
HPRegen 0.40/turn               j - +6 ring of strength
MPRegen 0.11/turn               (no ring)

@: healing quickly
A: alive, fangs 3, see invisible, vampiric 2
a: Exsanguinate, Renounce Religion


You were on level 5 of the Dungeon.
You worshipped Kikubaaqudgha.
Kikubaaqudgha was noncommittal.
You visited 2 branches of the dungeon, and saw 6 of its levels.

You collected 225 gold pieces.
You spent 26 gold pieces at shops.

Inventory:

Hand Weapons
 u - a +0 hand crossbow
 w - a +2 short sword of venom (weapon)
Missiles
 f - 14 poisoned darts (quivered)
Armour
 c - a +0 buckler (worn)
 l - a +0 leather armour of fire resistance (worn)
 p - a +0 pair of boots (worn)
Jewellery
 j - a +6 ring of strength (left hand)
Scrolls
 a - a scroll of fear
 b - 2 scrolls of blinking {unknown}
 g - 2 scrolls of noise {unknown}
 h - a scroll of magic mapping {unknown}
 i - a scroll of teleportation {unknown}
 n - 2 scrolls of enchant armour {unknown}
 q - a scroll of vulnerability {unknown}
 r - 2 scrolls of poison {unknown}
 v - a scroll of enchant weapon
 y - a scroll of identify
Potions
 d - a potion of might
 e - 3 potions of curing
 k - 2 potions of brilliance
 m - 2 potions of haste
 o - a potion of magic
 t - a potion of mutation {unknown}
 x - a potion of lignification {unknown}


   Skills:
 + Level 6.3 Fighting
 + Level 7.1 Short Blades
 - Level 2.4 Armour
 + Level 6.4 Dodging
 - Level 2.6 Shields
 + Level 4.8 Necromancy


You had 4 spell levels left.
You knew the following spells:

 Your Spells              Type           Power      Damage    Failure   Level
a - Vampiric Draining     Necr           11%        2d6       22%         3

Your spell library contained the following spells:

 Spells                   Type           Power      Damage    Failure   Level
 Sandblast                Erth           0%         2d4       45%         1
 Slow                     Hex            0%         N/A       45%         1
 Blink                    Tloc           0%         N/A       61%         2
 Passwall                 Tmut/Erth      0%         N/A       61%         2
 Confusing Touch          Hex            0%         N/A       83%         3
 Lesser Beckoning         Tloc           0%         N/A       83%         3
 Stone Arrow              Conj/Erth      0%         3d7       83%         3
 Manifold Assault         Tloc           0%         N/A       100%        5


Dungeon Overview and Level Annotations

Branches:
Dungeon (5/15)             Temple (1/1) D:4

Altars:
Ashenzari
Dithmenos
Elyvilon
Kikubaaqudgha
Makhleb
Sif Muna
Vehumet
Zin

Shops:
D:4 ?

Annotations:
D:3 exclusion: statue
D:5 Duvessa


Innate Abilities, Weirdness & Mutations

Your natural rate of healing is accelerated.
You have razor-sharp teeth.
You have supernaturally acute eyesight. (SInv)
You are afflicted with vampirism and can become a bat while bloodless.


Message History

Kikubaaqudgha accepts your kill.
Duvessa screams, "No!
How DARE you!"
Duvessa goes berserk!
Duvessa barely misses you.
You barely miss Duvessa.
Duvessa is moderately wounded.
Duvessa hits you with a +1 vampiric rapier!
Duvessa draws strength from your wounds!
You hit Duvessa.
Duvessa looks as sick as possible!
Duvessa is lightly wounded.
Duvessa hits you with a +1 vampiric rapier!
Duvessa draws strength from your wounds!
Duvessa hits you with a +1 vampiric rapier.
Duvessa draws strength from your wounds!
You hit Duvessa.
Duvessa looks as sick as possible!
Duvessa is lightly wounded.
Duvessa closely misses you.
You puncture Duvessa!
Duvessa is moderately wounded.
Duvessa misses you.
You puncture Duvessa!
Duvessa looks as sick as possible!
Duvessa is heavily wounded.
You block Duvessa's attack.
Duvessa hits you with a +1 vampiric rapier!
* * * LOW HITPOINT WARNING * * *
Duvessa draws strength from your wounds!
Duvessa attacks as you move away! Duvessa barely misses you.
Duvessa rages.
You can't see any enemies this would affect, really read the scroll of fear?
Okay, then.
You feel much better.
Duvessa hits you with a +1 vampiric rapier.
Duvessa hits you with a +1 vampiric rapier!
* * * LOW HITPOINT WARNING * * *
Duvessa draws strength from your wounds!
Duvessa rages.
You closely miss Duvessa.
Duvessa is heavily wounded.
Duvessa hits you with a +1 vampiric rapier!
You die...
Kikubaaqudgha rasps: "You have failed me!
Welcome... death!"

###
#.##................#
#.#########.#########
#....# #.# ### ####.#
#.# ..####### #.# #.#
........# #.# #.#
#.#####.# #.# #.# #^#
#.# #.# #.# #######@##
#.# #.# .......e.#
#.##############..#
................).......
#.######################
#.# ..# ###


You could see Duvessa (berserk, extremely poisoned).

Vanquished Creatures
  Sigmund (Temple)
  Eustachio (D:4)
  3 yaks (D:5)
  A water moccasin (D:5)
  An ice beast (D:3)
  A centaur (D:5)
  A phantom (D:5)
  2 necrophages
  2 scorpions
  Dowan (D:5)
  A jelly (D:5)
  3 hounds
  A gnoll shaman (D:5)
  3 orc priests
  Natasha (thrice) (D:4)
  An iguana (D:5)
  An orc wizard (D:4)
  4 gnolls (D:5)
  6 adders
  2 white imps (D:5)
  An ufetubus (D:5)
  A worm (D:3)
  A dart slug (D:5)
  14 orcs
  7 bats
  6 endoplasms
  4 giant cockroaches
  7 goblins
  9 hobgoblins
  5 quokkas
  10 ball pythons
  A frilled lizard (D:2)
  8 kobolds
  3 rats
116 creatures vanquished.

Notes
Turn   | Place    | Note
-------+----------+-------------------------------------------
     0 | D:1      | siradein the Vampire Fighter began the quest for the Orb.
     0 | D:1      | Reached XP level 1. HP: 17/17 MP: 1/1
   123 | D:1      | Reached XP level 2. HP: 23/24 MP: 2/2
   716 | D:1      | Found a faded altar of an unknown god.
   725 | D:1      | Reached skill level 3 in Short Blades
   802 | D:2      | Gained mutation: You are afflicted with vampirism and can
                  | become a bat while bloodless. [Vampire growth]
   802 | D:2      | Reached XP level 3. HP: 25/29 MP: 3/3
  1004 | D:2      | Reached skill level 1 in Dodging
  1224 | D:2      | Reached XP level 4. HP: 6/31 MP: 4/4
  1747 | D:3      | Noticed an ice beast
  1776 | D:3      | Killed an ice beast
  1777 | D:3      | Reached skill level 4 in Short Blades
  1777 | D:3      | Reached XP level 5. HP: 37/37 MP: 5/5
  1822 | D:3      | Found a shimmering blue altar of Sif Muna.
  2020 | D:3      | Found a radiant altar of Vehumet.
  2020 | D:3      | Noticed a charred statue
  2194 | D:4      | Noticed Natasha
  2202 | D:4      | Killed Natasha
  2266 | D:4      | Noticed Natasha
  2285 | D:4      | Killed Natasha
  2379 | D:4      | Reached XP level 6. HP: 25/43 MP: 6/6
  2514 | D:4      | Found a staircase to the Ecumenical Temple.
  2524 | D:4      | Noticed Sigmund
  2530 | Temple   | Entered the Ecumenical Temple
  2542 | Temple   | Killed Sigmund
  2543 | Temple   | Reached skill level 5 in Short Blades
  2545 | Temple   | Became a worshipper of Kikubaaqudgha
  2551 | D:4      | Noticed Natasha
  2560 | D:4      | Killed Natasha
  2641 | D:4      | Noticed Eustachio
  2886 | D:4      | Identified the +1 robe of Cuirelon {rPois rC+ Dex-4}
  3017 | D:4      | Reached XP level 7. HP: 16/55 MP: 7/7
  3290 | D:4      | Found Qiuxy's Magic Scroll Shop.
  3298 | D:4      | Bought a scroll of identify for 26 gold pieces
  3410 | D:4      | Reached skill level 1 in Necromancy
  3612 | D:4      | Killed Eustachio
  3613 | D:4      | Reached skill level 5 in Fighting
  3805 | D:5      | Entered Level 5 of the Dungeon
  3815 | D:5      | Noticed a yak
  3834 | D:5      | Killed a yak
  3844 | D:5      | Noticed a yak
  3845 | D:5      | Noticed a yak
  3876 | D:5      | Killed a yak
  3877 | D:5      | Reached skill level 6 in Short Blades
  3877 | D:5      | Reached skill level 5 in Dodging
  3878 | D:5      | Killed a yak
  3879 | D:5      | Reached XP level 8. HP: 45/63 MP: 8/8
  5115 | D:5      | Reached skill level 7 in Short Blades
  5405 | D:5      | Found a shadowy altar of Dithmenos.
  5405 | D:5      | Found a broken altar of Ashenzari.
  5406 | D:5      | Found a burning altar of Makhleb.
  5478 | D:5      | Learned a level 3 spell: Vampiric Draining
  5565 | D:5      | Noticed Dowan
  5566 | D:5      | Noticed Duvessa
  5575 | D:5      | Killed Dowan
  5584 | D:5      | Slain by Duvessa

Illustrated notes

Levels and vault maps discovered:
D:1:      minmay_arrival_four_circles, layout_basic,
          shapermc_ecumenical_altar_mp_highgroup, minmay_shallow_snake_nest
D:2:      layout_rooms, small_statue_intersection
D:3:      layout_rooms, lemuel_crystal_altar, vehumet_statue
D:4:      layout_layer_cave, minmay_temple_entry_statues_fountains,
          serial_shops, shop, kennysheep_generic_room_8, uniq_sigmund,
          uniq_eustachio, uniq_natasha
D:5:      minmay_skewed_foursquare, layout_loops_ring,
          chequers_temple_overflow_statue_of_worship,
          nicolae_concentric_dashed_squares_wild, uniq_duvessa
Temple:   nicolae_temple_hex_pool

Skill      XL: |  1  2  3  4  5  6  7  8 |
---------------+-------------------------+-----
Fighting       | 3 4 5 6 |  6.3
Short Blades   | 3 4 5 6 7 |  7.1
Dodging        | 1 2 3 4 5 6 |  6.4
Necromancy     | 3 4 |  4.8
Armour         | |  2.4
Shields        | |  2.6

Action                   |  1- 3 |  4- 6 |  7- 9 || total
-------------------------+-------+-------+-------++-------
Melee: Rapier            |   118 |   178 |     7 ||   303
       Bite              |    12 |    25 |    29 ||    66
       Short sword       |       |       |   220 ||   220
 Fire: Hand crossbow     |       |     3 |     3 ||     6
Throw: Dart              |       |       |     4 ||     4
 Abil: Exsanguinate      |     1 |       |       ||     1
       Revivify          |     1 |       |       ||     1
  Use: Scroll            |       |     5 |     2 ||     7
       Potion            |       |       |     1 ||     1
 Stab: Sleeping          |     1 |       |       ||     1
Armor: Scale mail        |    12 |       |       ||    12
       Leather armour    |    32 |    17 |    23 ||    72
       Ring mail         |       |    37 |       ||    37
Dodge: Dodged            |    72 |    95 |   120 ||   287
Block: Buckler           |    37 |    32 |    48 ||   117

Table legend: (Time is in decaauts)
 A = Elapsed time spent in this place.
 B = Non-inter-level travel time spent in this place.
 C = Inter-level travel time spent in this place.
 D = Time resting spent in this place.
 E = Time spent auto-exploring this place.
 F = Levels seen in this place.
 G = Mean time per level.
                   A        B        C        D        E       F      G
               +--------+--------+--------+--------+--------+-----+--------+
         Total |   5590 |   5376 |    214 |    574 |   3489 |   6 |  931.7 |
       Dungeon |   5570 |   5356 |    214 |    574 |   3489 |   5 | 1114.0 |
        Temple |     20 |     20 |      0 |      0 |      0 |   1 |   20.0 |
               +--------+--------+--------+--------+--------+-----+--------+

Top non-repeatable levels by time:
     D:4: 1709 daAuts
     D:5: 1489 daAuts
     D:2: 841 daAuts
     D:1: 801 daAuts
     D:3: 727 daAuts
  Temple: 20 daAuts
